 Dungeon Crawl Stone Soup version 0.22.1-1-ga44c0e56f4 (webtiles) character file.

696 KleinerIrrer the Ruffian (level 7, -7/41 HPs)
             Began as a Gargoyle Fighter on Oct 28, 2018.
             Mangled by an ogre
             ... wielding a +0 giant spiked club
              (21 damage)
             ... on level 4 of the Dungeon.
             The game lasted 00:06:17 (4840 turns).

KleinerIrrer the Ruffian (Gargoyle Fighter)         Turns: 4840, Time: 00:06:18

Health: -7/41      AC: 20    Str: 19    XL:     7   Next: 64%
Magic:  7/7        EV:  5    Int: 11    God:
Gold:   157        SH:  9    Dex:  9    Spells: 6/6 levels left

rFire    . . .     SeeInvis .     - Unarmed
rCold    . . .     Gourm    .   b - +0 shield
rNeg     + . .     Faith    .   f - +0 chain mail
rPois    ∞         Spirit   .   t - +0 helmet
rElec    +         Reflect  .   x - +2 cloak
rCorr    +         Harm     .   (no gloves)
MR       .....                  q - +0 pair of boots
Stlth    ..........             (no amulet)
HPRegen  0.13/turn              g - ring of resist corrosion
MPRegen  0.10/turn              (no ring)

@: no status effects
A: negative energy resistance 1, electricity resistance, unbreathing,
petrification resistance, rot immunity, AC +4
a: no special abilities


You were on level 4 of the Dungeon.
You were not hungry.

You visited 1 branch of the dungeon, and saw 4 of its levels.

You collected 157 gold pieces.

Inventory:

Armour
 b - a +0 shield (worn)
 f - a +0 chain mail (worn)
 q - a +0 pair of boots (worn)
 t - a +0 helmet (worn)
 x - a +2 cloak (worn)
Jewellery
 g - a ring of resist corrosion (left hand)
Scrolls
 e - 3 scrolls of random uselessness {unknown}
 h - a scroll of immolation
 j - 2 scrolls of remove curse
 m - 2 scrolls of magic mapping
 o - 5 scrolls of teleportation {unknown}
 r - 3 scrolls of fear
 u - a scroll of fog
 v - 2 scrolls of blinking {unknown}
Potions
 c - a potion of might
 i - 2 potions of degeneration {unknown}
 k - 2 potions of curing
 l - a potion of heal wounds {unknown}
 n - 4 potions of brilliance
 p - 4 potions of haste
 s - a potion of berserk rage {unknown}
Comestibles
 a - 10 chunks of flesh
 d - 14 rations


   Skills:
 - Level 3.2 Fighting
 + Level 4.9 Armour
 + Level 5.1 Shields
 * Level 6.7 Unarmed Combat


You had 6 spell levels left.
You didn't know any spells.
Your spell library was empty.

Dungeon Overview and Level Annotations

Branches:
Dungeon (4/15)
 Temple: D:4-7

Altars:
Cheibriados
Fedhas
Nemelex Xobeh
Sif Muna


Innate Abilities, Weirdness & Mutations

You are resistant to torment.
Your stone body is resilient. (AC +4)
You are immune to poison.
You resist negative energy. (rN+)
You are resistant to electric shocks. (rElec)
You can survive without breathing.
You are immune to petrification.
You are immune to rotting.


Message History

The ogre is heavily wounded.
Your shield and chain mail prevent you from hitting the ogre.
The ogre is heavily wounded.
The ogre hits you with a giant spiked club!!
Ouch! That really hurt!
You are too injured to fight recklessly!
You are too injured to fight recklessly!
You are too injured to fight recklessly!
You are too injured to fight recklessly!
You are too injured to fight recklessly!
You are too injured to fight recklessly!
You are too injured to fight recklessly!
You are too injured to fight recklessly!
You are too injured to fight recklessly!
You are too injured to fight recklessly!
You hit the ogre.
The ogre is heavily wounded.
The ogre hits you with a giant spiked club!!
Ouch! That really hurt!
You die...

#..## ##...........#
##... ...#
#..#........## ##..
#... #...#...###..#
##. ### ##..#..##
##.## ## #####....##
#..# #. .........##
##.## #> ..........#
##.####. ###.#O...#
##..##.(
#.#@.##.#####.......
#...## #.#.......##.
##.## #..###..###.
#.## #... #### #.
### #. ##. #. # ##


You could see an ogre.

Vanquished Creatures
  4 ogres (D:4)
  A centaur (D:2)
  An orc wizard (D:4)
  A centaur skeleton (D:4)
  A worker ant (D:4)
  A hound skeleton (D:4)
  3 gnolls (D:3)
  6 adders
  An ooze (D:3)
  An adder skeleton (D:4)
  2 worms
  4 dart slugs
  A leopard gecko (D:1)
  13 orcs
  8 bats
  3 giant cockroaches
  4 hobgoblins
  4 jackals (D:2)
  9 kobolds
  2 quokkas
  3 frilled lizards (D:1)
  5 goblins
  A jackal skeleton (D:4)
  A quokka skeleton (D:4)
  3 rats
83 creatures vanquished.

Notes
Turn   | Place    | Note
-------+----------+-------------------------------------------
     0 | D:1      | KleinerIrrer the Gargoyle Fighter began the quest for the
                  | Orb.
     0 | D:1      | Reached XP level 1. HP: 14/14 MP: 1/1
   109 | D:1      | Reached XP level 2. HP: 4/19 MP: 2/2
   734 | D:1      | Reached XP level 3. HP: 18/23 MP: 3/3
  1581 | D:2      | Reached skill level 3 in Unarmed Combat
  2051 | D:2      | Found a snail-covered altar of Cheibriados.
  2059 | D:2      | Reached XP level 4. HP: 26/28 MP: 4/4
  2206 | D:2      | Noticed a centaur
  2227 | D:2      | Killed a centaur
  2227 | D:2      | Reached skill level 4 in Unarmed Combat
  2227 | D:2      | Reached XP level 5. HP: 10/32 MP: 5/5
  3238 | D:3      | Found a blossoming altar of Fedhas.
  3241 | D:3      | Found a sparkling altar of Nemelex Xobeh.
  3247 | D:3      | Found a deep blue altar of Sif Muna.
  3777 | D:4      | Reached XP level 6. HP: 30/37 MP: 6/6
  3943 | D:4      | Reached skill level 5 in Unarmed Combat
  4203 | D:4      | Reached XP level 7. HP: 37/41 MP: 7/7
  4255 | D:4      | Reached skill level 5 in Shields
  4255 | D:4      | Reached skill level 6 in Unarmed Combat
  4840 | D:4      | Mangled by an ogre

Skill      XL: |  1  2  3  4  5  6  7 |
---------------+----------------------+-----
Unarmed Combat | 3 4 5 6 |  6.7
Armour         | 4 |  4.9
Shields        | 4 5 |  5.1
Fighting       | |  3.2

Action                   |  1- 3 |  4- 6 |  7- 9 || total
-------------------------+-------+-------+-------++-------
Melee: Unarmed           |   230 |   212 |    68 ||   510
  Use: Scroll            |     5 |     5 |       ||    10
       Potion            |       |     1 |       ||     1
  Eat: Chunk             |     4 |     7 |     2 ||    13
Armor: Scale mail        |    12 |       |       ||    12
       Chain mail        |   124 |   130 |    25 ||   279
Dodge: Dodged            |    39 |    37 |     6 ||    82
Block: Shield            |   108 |   102 |    20 ||   230
